 Dungeon Crawl Stone Soup version 0.24.0-123-gd5b16e6ec5 (webtiles) character file.

Game seed: 5249981648416463283, levelgen mode: deterministic

674 Delamore the Cleaver (level 7, -10/52 HPs)
             Began as a Formicid Fighter on Jan 3, 2020.
             Was a Follower of Okawaru.
             Mangled by an orc warrior
             ... wielding a +0 flail
              (21 damage)
             ... on level 5 of the Dungeon.
             The game lasted 00:07:33 (4206 turns).

Delamore the Cleaver (Formicid Fighter)             Turns: 4206, Time: 00:07:34

Health: -10/52     AC:  6    Str: 23    XL:     7   Next: 90%
Magic:  2/2        EV:  8    Int:  7    God:    Okawaru [*.....]
Gold:   236        SH:  9    Dex: 10    Spells: 6/6 levels left

rFire    + . .     SeeInvis +   y - +1 hand axe (antimagic)
rCold    . . .     Gourm    .   c - +0 shield
rNeg     . . .     Faith    .   b - +0 scale mail
rPois    .         Spirit   .   (helmet unavailable)
rElec    .         Reflect  .   (no cloak)
rCorr    .         Harm     .   (no gloves)
MR       .....                  (no boots)
Stlth    ..........             (no amulet)
HPRegen  0.17/turn              s - ring of protection from fire
MPRegen  0.08/turn              (no ring)

@: no status effects
A: permanent stasis, dig shafts and tunnels, four strong arms, antennae 3
a: Dig, Shaft Self, Heroism, Renounce Religion


You were on level 5 of the Dungeon.
You worshipped Okawaru.
Okawaru was aware of your devotion.
You were not hungry.

You visited 1 branch of the dungeon, and saw 5 of its levels.
You also visited: Sewer.

You collected 236 gold pieces.

Inventory:

Hand Weapons
 a - a +0 war axe
 y - a +1 antimagic hand axe (weapon)
Missiles
 g - 8 silver javelins (quivered)
 z - a throwing net
Armour
 b - a +0 scale mail (worn)
 c - a +0 shield (worn)
Jewellery
 k - an uncursed ring of ice
 s - a ring of protection from fire (left hand)
Scrolls
 e - a scroll of fear
 l - a scroll of blinking
 n - 5 scrolls of remove curse
 p - a scroll of enchant armour
 r - 4 scrolls of amnesia
 v - 2 scrolls of teleportation
 A - a scroll of random uselessness {unknown}
Potions
 d - a potion of might
 h - 3 potions of curing {unknown}
 i - 2 potions of mutation {unknown}
 j - 4 potions of ambrosia {unknown}
 m - 2 potions of flight {unknown}
 o - a potion of invisibility
 t - 3 potions of brilliance {unknown}
 u - a potion of haste {unknown}
 w - 4 potions of degeneration {unknown}
 x - 2 potions of heal wounds {unknown}
Comestibles
 f - 9 rations
 q - a chunk of flesh


   Skills:
 - Level 3.2 Fighting
 + Level 8.3 Axes
 - Level 3.2 Armour
 - Level 3.6 Shields


You had 6 spell levels left.
You didn't know any spells.
Your spell library was empty.

Dungeon Overview and Level Annotations

Branches:
Dungeon (5/15)             Temple (0/1) D:5           Sewer (visited)

Altars:
Ashenzari
Dithmenos
Okawaru
Xom
Yredelemnul


Innate Abilities, Weirdness & Mutations

You cannot be hasted, slowed, berserked, paralysed or teleported.
You can dig through walls and to a lower floor.
Your four strong arms can wield two-handed weapons with a shield.
You have a pair of large antennae on your head. (SInv)


Message History

You block the orc warrior's attack.
You barely miss the orc warrior.
The orc warrior is lightly wounded.
You block the orc warrior's attack.
You hit the orc warrior.
The orc warrior is moderately wounded.
You block the orc warrior's attack.
You hit the orc warrior.
The orc warrior is heavily wounded.
The orc warrior hits you with a +0 flail!
* * * LOW HITPOINT WARNING * * *
You closely miss the orc warrior.
The orc warrior is heavily wounded.
You barely miss the orc warrior.
The orc warrior is heavily wounded.
You block the orc warrior's attack.
You hit the orc warrior.
The orc warrior is heavily wounded.
The orc warrior hits you with a +0 flail!!
You die...

########## o.......o###
.8..8..8..8##
{{.o..o.......###
{oo.o....{....'.#
{{o...........#.########
{o.8..8..8..8##)).......
{ o.....o..####o........
################@#######
#
......>........)))......
..
......##################
#.. ......# ..
......###### ..
...........# #
...........#
...........#
...........#


You could see an orc warrior.

Vanquished Creatures
  Purgy (Sewer)
  A crimson imp (D:5)
  2 hounds (D:3)
  An orc priest (D:5)
  An iguana (D:4)
  2 orc wizards (D:5)
  4 worker ants
  2 gnolls
  7 adders
  4 oozes
  An adder skeleton (D:4)
  6 worms
  3 dart slugs
  7 leopard geckos
  30 orcs
  7 giant cockroaches
  13 goblins
  8 hobgoblins
  3 jackals (D:4)
  2 quokkas
  2 ball pythons
  5 bats
  9 frilled lizards
  9 kobolds
  A leopard gecko skeleton (D:4)
  8 rats
139 creatures vanquished.

Notes
Turn   | Place    | Note
-------+----------+-------------------------------------------
     0 | D:1      | Delamore the Formicid Fighter began the quest for the Orb.
     0 | D:1      | Reached XP level 1. HP: 18/18 MP: 1/1
    65 | D:1      | Reached XP level 2. HP: 24/24 MP: 2/2
   124 | D:1      | Reached skill level 3 in Axes
   124 | D:1      | Reached XP level 3. HP: 27/29 MP: 3/3
   598 | D:1      | Reached skill level 4 in Axes
   598 | D:1      | Reached XP level 4. HP: 35/35 MP: 4/4
   787 | D:2      | Found a shimmering altar of Xom.
   789 | D:2      | Found a shimmering altar of Xom.
  1381 | D:2      | Reached XP level 5. HP: 37/41 MP: 5/5
  1546 | D:3      | Found a basalt altar of Yredelemnul.
  1551 | D:3      | Found a shattered altar of Ashenzari.
  1563 | D:3      | Reached skill level 5 in Axes
  2084 | D:3      | Reached XP level 6. HP: 31/47 MP: 6/6
  2089 | D:3      | Reached skill level 6 in Axes
  2946 | D:4      | Found a shadowy altar of Dithmenos.
  2998 | D:4      | Reached XP level 7. HP: 25/52 MP: 2/7
  3162 | D:4      | Reached skill level 7 in Axes
  3371 | D:5      | Entered Level 5 of the Dungeon
  3492 | D:5      | Found an iron altar of Okawaru.
  3499 | D:5      | Became a worshipper of Warmaster Okawaru
  3607 | D:5      | Found a staircase to the Ecumenical Temple.
  3687 | D:5      | Found a glowing drain.
  3691 | Sewer    | Entered a sewer
  3707 | Sewer    | Got a blackened leather armour
  3718 | Sewer    | Identified the +3 leather armour "Tulaof" {MR- MP+9 Dex-3
                  | SInv} (You found it in a sewer)
  3813 | Sewer    | Noticed Purgy
  3819 | Sewer    | Killed Purgy
  3988 | D:5      | Found a runed translucent door.
  3994 | D:5      | Reached skill level 8 in Axes
  4112 | D:5      | Reached * piety under Okawaru
  4206 | D:5      | Mangled by an orc warrior

Levels and vault maps discovered:
D:1:      dpeg_arrival_pits, layout_basic
D:2:      layout_basic, xom_redecorated
D:3:      minmay_general_purpose_star, layout_basic, grunt_temple_overflow_open,
          first_ration, minmay_misc_feat_four_crosses, minmay_misc_feat_columns,
          palyth_stone_intersect, cheibrodos_gnoll_hut
D:4:      layout_basic, grunt_dithmenos_smoke
D:5:      minmay_inner_zag, layout_basic, okawaru_gym_becter,
          lemuel_temple_firewalk_b, gup_sewer_entry_bowl, fountainhead,
          lightli_church_of_beogh

Skill      XL: |  1  2  3  4  5  6  7 |
---------------+----------------------+-----
Axes           | 3 4 5 6 8 |  8.3
Fighting       | |  3.2
Armour         | |  3.2
Shields        | |  3.6

Action                   |  1- 3 |  4- 6 |  7- 9 || total
-------------------------+-------+-------+-------++-------
Melee: War axe           |   100 |   221 |       ||   321
       Hand axe          |       |    55 |   172 ||   227
  Use: Scroll            |       |       |     7 ||     7
  Eat: Chunk             |       |     4 |     4 ||     8
       Ration            |       |     1 |       ||     1
Armor: Scale mail        |    53 |    87 |    27 ||   167
Dodge: Dodged            |    24 |    78 |    32 ||   134
Block: Shield            |    65 |   132 |    70 ||   267
